AoeStats
← _LY_抖音肥龙

Arena

507512385Analyzed
4v4 RM · 13d ago on Sep 18, 2026· 62m 57s· 8 players
Game mode
Random Map
Map size
Large (8 player)
Population
200
Speed
Normal
Resources
Standard
Victory
Conquest
Starting age
Dark Age
Ending age
Imperial Age
RankedLock teamsTeams togetherTeam positionsShared explorationLock speedFull tech treeHidden civsTurbo modeCheats
Victory
Defeat
🇨🇳 Ethiopians · China
1929
+8
🇨🇳 Burmese · China
1913
+9
🇨🇳 Mongols · China
1812
+12
🇨🇳 Italians · China
1712
+16
🇭🇰 Spanish · Hong Kong SAR China
1856
-16
🇲🇽 Chinese · Mexico
1786
-13
🇯🇴 Shu · Jordan
1664
-9
🇨🇳 Khmer · China
1620
-7
|Thepejezombie
0:32 Loom
9:58 Feudal Age
10:50 Town Watch
14:03 Castle Age
13:28 Double-Bit Axe
15:00 Fletching
23:28 Bow Saw
35:27 Imperial Age
35:02 Bloodlines
34:52 Husbandry
35:10 Scale Barding Armor
35:16 Forging
34:56 Light Cavalry
36:14 Chain Barding Armor
36:25 Cavalier
38:19 Iron Casting
38:22 Plate Barding Armor
38:18 Conscription
39:26 Iron Casting
42:30 Blast Furnace
43:56 Bodkin Arrow
44:02 Padded Archer Armor
43:27 Elite Skirmisher
44:53 Bracer
45:46 Leather Archer Armor
45:53 Ballistics
46:34 Chemistry
60:03 Pikeman
60:43 Squires
62:33 Halberdier
_LY_抖音肥龙
10:19 Feudal Age
14:00 Castle Age
11:59 Double-Bit Axe
12:33 Horse Collar
19:28 Loom
20:36 Wheelbarrow
22:20 Bow Saw
23:56 Hand Cart
24:20 Stone Mining
24:21 Gold Mining
29:08 Imperial Age
27:13 Heavy Plow
28:15 Padded Archer Armor
28:52 Stone Shaft Mining
29:17 Leather Archer Armor
29:03 Husbandry
29:51 Bloodlines
30:17 Conscription
30:31 Ring Archer Armor
31:09 Chemistry
30:12 Town Watch
31:44 Two-Man Saw
31:11 Fletching
31:05 Elite Conquistador
32:09 Ballistics
32:14 Bodkin Arrow
32:59 Herbal Medicine
33:05 Bracer
33:17 Masonry
33:51 Guilds
35:23 Architecture
36:22 Hoardings
37:11 Supremacy
38:09 Coinage
37:38 Sappers
38:12 Arrowslits
38:37 Murder Holes
39:42 Caravan
40:47 Guard Tower
43:17 Keep
43:05 Scale Barding Armor
45:29 Banking
50:33 Inquisition
51:56 Sanctity
52:39 Block Printing
53:04 Theocracy
55:06 Redemption
56:12 Chain Barding Armor
55:41 Light Cavalry
56:48 Illumination
56:34 Fervor
58:25 Plate Barding Armor
59:32 Forging
61:41 Iron Casting
62:19 Cavalier
63:59 Blast Furnace
yuyuyuyuyu
10:08 Feudal Age
13:11 Castle Age
10:58 Horse Collar
11:04 Double-Bit Axe
14:11 Bow Saw
18:06 Heavy Plow
20:59 Wheelbarrow
22:08 Gold Mining
22:13 Stone Mining
22:19 Stone Mining
23:14 Hand Cart
27:22 Imperial Age
25:36 Gold Shaft Mining
25:42 Stone Shaft Mining
25:07 Loom
25:08 Town Watch
26:56 Scale Barding Armor
27:01 Forging
27:49 Masonry
28:01 Chain Barding Armor
28:07 Tusk Swords
27:40 Elite Battle Elephant
28:30 Bloodlines
28:21 Husbandry
28:30 Husbandry
29:07 Iron Casting
29:20 Crop Rotation
29:30 Plate Barding Armor
30:25 Conscription
33:47 Blast Furnace
33:39 Town Patrol
33:04 Pikeman
33:29 Arson
33:54 Devotion
33:25 Light Cavalry
33:53 Halberdier
34:34 Scale Mail Armor
34:48 Hussar
38:13 Chain Mail Armor
39:35 Coinage
38:31 Capped Ram
39:37 Siege Ram
41:16 Banking
63:04 Siege Engineers
CAPTAINKILL
11:00 Feudal Age
15:03 Castle Age
13:23 Double-Bit Axe
13:19 Horse Collar
16:23 Loom
18:07 Bow Saw
23:44 Heavy Plow
24:39 Stone Mining
27:02 Gold Mining
28:25 Elite Skirmisher
29:13 Thumb Ring
29:09 Fletching
31:04 Town Watch
31:40 Bodkin Arrow
32:06 Ballistics
35:58 Imperial Age
34:38 Coiled Serpent Array
35:40 Wheelbarrow
35:12 Town Patrol
38:25 Coinage
38:39 Caravan
39:56 Two-Man Saw
39:39 Gold Shaft Mining
40:43 Chemistry
40:31 Heavy Cavalry Archer
41:59 Banking
42:26 Hand Cart
42:36 Bracer
42:13 Crossbowman
45:13 Onager
49:01 Elite White Feather Guard
51:11 Scale Mail Armor
51:13 Squires
52:18 Chain Mail Armor
52:14 Forging
52:50 Forging
52:28 Arson
52:29 Gambesons
54:56 Fortified Wall
54:56 Masonry
55:44 Plate Mail Armor
59:18 Padded Archer Armor
60:29 Siege Engineers
63:03 Leather Archer Armor
xan
11:02 Feudal Age
15:02 Castle Age
13:00 Double-Bit Axe
13:00 Horse Collar
14:30 Fletching
15:49 Loom
19:40 Ballistics
27:34 Bloodlines
29:17 Bodkin Arrow
30:01 Husbandry
38:27 Imperial Age
36:39 Wheelbarrow
36:06 Padded Archer Armor
39:23 Heavy Scorpion
43:23 Chemistry
43:02 Capped Ram
44:24 Conscription
44:05 Siege Ram
54:33 Nomads
54:54 Drill
61:53 Bow Saw
_LY_lyx
11:13 Feudal Age
14:48 Castle Age
13:02 Double-Bit Axe
13:06 Horse Collar
16:04 Bow Saw
15:54 Heavy Plow
21:57 Loom
25:00 Wheelbarrow
25:18 Gold Mining
26:05 Hand Cart
30:00 Imperial Age
28:06 Town Watch
29:00 Gold Shaft Mining
28:15 Stone Mining
31:43 Two-Man Saw
30:44 Torsion Engines
31:04 Conscription
31:03 Fortified Wall
31:14 Ballistics
31:55 Chemistry
30:51 Heavy Scorpion
32:21 Siege Engineers
32:30 Capped Ram
33:27 Guilds
33:23 Siege Ram
37:19 Fletching
38:26 Coinage
37:59 Caravan
40:42 Banking
44:59 Bodkin Arrow
45:16 Masonry
48:47 Bracer
温蒂
9:53 Feudal Age
10:38 Double-Bit Axe
11:05 Horse Collar
13:37 Castle Age
14:39 Bow Saw
15:08 Wheelbarrow
26:22 Imperial Age
24:16 Gold Mining
24:19 Stone Mining
24:44 Heavy Plow
25:04 Hand Cart
25:28 Padded Archer Armor
25:14 Loom
25:15 Town Watch
26:11 Stone Shaft Mining
29:09 Chemistry
28:28 Pirotechnia
29:12 Conscription
28:54 Scale Mail Armor
29:11 Leather Archer Armor
31:19 Ring Archer Armor
31:40 Scale Mail Armor
31:50 Forging
31:58 Guilds
32:18 Coinage
32:34 Masonry
33:47 Architecture
32:57 Treadmill Crane
34:47 Squires
35:03 Chain Mail Armor
35:23 Iron Casting
37:18 Plate Mail Armor
36:39 Pikeman
38:33 Blast Furnace
37:23 Fletching
38:58 Banking
39:17 Ballistics
40:49 Bodkin Arrow
42:47 Silk Road
43:05 Thumb Ring
44:11 Caravan
46:04 Bracer
51:29 Scale Barding Armor
51:23 Light Cavalry
52:14 Bloodlines
52:04 Husbandry
52:53 Chain Barding Armor
52:43 Hussar
54:48 Plate Barding Armor
59:37 Heavy Plow
CNZS_Bad Koala
10:45 Feudal Age
12:05 Horse Collar
14:27 Castle Age
14:41 Light Cavalry
22:55 Wheelbarrow
22:40 Fervor
24:00 Hand Cart
23:48 Gold Mining
25:13 Gold Shaft Mining
24:35 Stone Mining
29:04 Imperial Age
26:21 Loom
27:55 Scale Barding Armor
28:00 Forging
28:35 Bloodlines
28:25 Husbandry
29:17 Chain Barding Armor
29:01 Heavy Plow
28:50 Town Watch
29:23 Manipur Cavalry
30:19 Conscription
30:21 Squires
29:43 Pikeman
30:58 Block Printing
31:19 Theocracy
30:39 Halberdier
31:58 Plate Barding Armor
31:59 Iron Casting
32:18 Scale Mail Armor
33:43 Chain Mail Armor
36:27 Plate Mail Armor
36:59 Man-at-Arms
37:24 Gambesons
37:25 Arson
39:32 Blast Furnace
39:49 Masonry
39:22 Treadmill Crane
39:52 Masonry
41:01 Fletching
41:32 Ballistics
41:37 Caravan
42:52 Chemistry
43:26 Long Swordsman
45:17 Coinage
44:58 Guilds
44:10 Two-Handed Swordsman
45:25 Architecture
46:12 Bodkin Arrow
46:23 Siege Engineers
47:59 Howdah
48:09 Elite Battle Elephant
49:55 Bracer
50:44 Banking
50:55 Champion
59:37 Fortified Wall
59:28 Padded Archer Armor
Connection lost

Rejoining the realm…

Still unreachable

The connection could not be restored.

Session expired

The server has moved on; the page needs a fresh start.